 Dungeon Crawl Stone Soup version 0.31-a0-1612-g4aaf141 (webtiles) character file.

Game seed: 16501164603024115676

78170 PublicAnimeNo1 the Covert (level 15, -7/110 (115) HPs)
             Began as a Demonspawn Alchemist on Jan 8, 2024.
             Was the Champion of Ru.
             Mangled by a very large slime creature (53 damage)
             ... on level 12 of the Dungeon on Jan 9, 2024.
             The game lasted 01:07:26 (20695 turns).

PublicAnimeNo1 the Covert (Demonspawn Alchemist)   Turns: 20695, Time: 01:07:26

HP:   -7/110 (115)  AC:  6    Str:  7    XL:     15   Next: 17%
MP:   22/25         EV: 16    Int: 27    God:    Ru [******]
Gold: 1105          SH:  0    Dex: 15    Spells: 4/28 levels left

rFire   . . .        i - +2 dagger (elec)
rCold   . . .        (shield unavailable)
rNeg    . . .        v - +2 robe {rC+ rF+}
rPois   .            O - +2 hat {Will+}
rElec   .            (no cloak)
rCorr   .            (gloves unavailable)
SInv    .            (no boots)
Will    ++...        p - amulet of regeneration
Stlth   +++++        (ring unavailable)
HPRegen 1.18/turn    z - +6 ring of intelligence
MPRegen 0.19/turn

%: no passive effects
@: lightly drained
A: claws 3, demonic guardian 2, powered by death 2, weak 1, missing a hand,
inability to train armour, temperature sensitive, sturdy frame 2, bedeviling
a: Renounce Religion, Draw Out Power, Power Leap, Apocalypse


You were on level 12 of the Dungeon.
You worshipped Ru.
Ru was exalted by your worship.
You visited 3 branches of the dungeon, and saw 19 of its levels.
You also visited: Sewer, Ossuary and Bailey.

You collected 2755 gold pieces.
You spent 1650 gold pieces at shops.

Inventory:

Hand Weapons
 i - a +2 dagger of electrocution (weapon)
Missiles
 N - 4 throwing nets
Armour
 v - a +2 robe of resistance (worn)
 y - a +2 robe of willpower
 O - a +2 hat of willpower (worn)
Magical Staves
 b - a staff of cold
Jewellery
 p - an amulet of regeneration (around neck)
 z - a +6 ring of intelligence (right claw)
 D - the ring "Tosmonte" {rF+ rC+}
   (You found it on level 5 of the Dungeon)

   [ring of protection from cold]

   rF+:       It protects you from fire.
   rC+:       It protects you from cold.
 G - a ring of resist corrosion
Wands
 a - a wand of digging (12)
 f - a wand of flame (28)
 l - a wand of mindburst (30)
 o - a wand of polymorph (23)
 I - a wand of charming (3)
 K - a wand of roots (13)
Scrolls
 d - a scroll of revelation
 g - 6 scrolls of identify
 j - 7 scrolls of fear
 k - 5 scrolls of silence
 u - 3 scrolls of poison
 B - 5 scrolls of vulnerability
 J - 3 scrolls of teleportation
Potions
 c - a potion of cancellation
 e - a potion of ambrosia {unknown}
 h - 5 potions of lignification
 m - 2 potions of attraction
 n - 8 potions of enlightenment
 q - a potion of brilliance
 r - 3 potions of haste
 s - 4 potions of heal wounds
 t - a potion of mutation
 w - 4 potions of curing
 x - a potion of resistance
 A - 3 potions of might


   Skills:
 + Level 10.0 Fighting
 - Level 10.0 Short Blades
 + Level 9.2 Dodging
 + Level 11.9 Stealth
 - Level 7.0 Spellcasting
 - Level 4.0 Conjurations
 + Level 9.2 Hexes
 - Level 4.0 Fire Magic
 - Level 3.0 Air Magic
 + Level 11.9 Alchemy


You had 4 spell levels left.
You knew the following spells:

 Your Spells              Type           Power      Damage    Failure   Level
a - Sting                 Conj/Alch      100%       1d9       1%          1
b - Fulminant Prism       Conj/Alch      25%        3d14      2%          4
c - Olgreb's Toxic Radia  Alch           65%        N/A       1%          4
d - Mephitic Cloud        Conj/Alch/Air  43%        N/A       1%          3
e - Confusing Touch       Hex            73%        N/A       1%          3
f - Yara's Violent Unrav  Hex/Alch       39%        3d16      2%          5
g - Sticky Flame          Fire/Alch      51%        2d9       2%          4

Your spell library contained the following spells:

 Spells                   Type           Power      Damage    Failure   Level
 Magic Dart               Conj           100%       1d8       1%          1
 Slow                     Hex            100%       N/A       1%          1
 Cigotuvi's Dreadful Rot  Necr/Alch/Air  72%        N/A       1%          2
 Jinxbite                 Hex            100%       N/A       1%          2
 Mercury Vapours          Alch/Air       98%        N/A       1%          2
 Searing Ray              Conj           62%        2d6       1%          2
 Inner Flame              Hex/Fire       61%        N/A       1%          3
 Sigil of Binding         Hex            73%        N/A       1%          3
 Momentum Strike          Conj/Tloc      40%        3d9       3%          2
 Necrotise                Necr           36%        1d5       6%          1
 Blink                    Tloc           18%        N/A       9%          2
 Call Imp                 Summ           18%        N/A       9%          2
 Lesser Beckoning         Tloc           18%        N/A       9%          2
 Sublimation of Blood     Necr           9%         N/A       9%          2
 Dimensional Bullseye     Hex/Tloc       25%        N/A       9%          4
 Flame Wave               Conj/Fire      31%        2d9       11%         4
 Call Canine Familiar     Summ           9%         N/A       17%         3
 Gell's Gravitas          Tloc           9%         N/A       17%         3
 Teleport Other           Tloc           9%         N/A       17%         3
 Vampiric Draining        Necr           9%         2d6       17%         3
 Dispel Undead            Necr           9%         3d8       50%         4
 Martyr's Knell           Necr/Summ      9%         N/A       50%         4
 Alistair's Intoxication  Alch           43%        N/A       1%          5
 Eringya's Noxious Bog    Alch           32%        4d6       7%          6
 Enfeeble                 Hex            36%        N/A       75%         7
 Borgnjor's Vile Clutch   Necr/Erth      4%         N/A       85%         5
 Curse of Agony           Necr           9%         N/A       85%         5
 Summon Forest            Summ/Tloc      4%         N/A       85%         5
 Death Channel            Necr           4%         N/A       100%        6
 Dispersal                Tloc           4%         N/A       100%        6
 Summon Hydra             Summ           4%         N/A       100%        7


Dungeon Overview and Level Annotations

Branches:
Dungeon (12/15)            Temple (0/1) D:6            Lair (5/5) D:11
  Swamp (0/4) Lair:2        Snake (0/4) Lair:2        Slime (0/5) Lair:5
    Orc (2/2) D:10            Elf (0/3) Orc:2         Sewer (visited)
Ossuary (visited)          Bailey (visited)

Altars:
Ashenzari
Cheibriados
Fedhas
Gozag
Makhleb
Okawaru
Ru
Trog
Wu Jian
Xom
Yredelemnul
Jiyva

Shops:
D:5 !   D:8 ?   D:9 ?[*(   D:11 [   Orc:1 **   Orc:2 :?:[*

Annotations:
Lair:2 1 exclusion


Innate Abilities, Weirdness & Mutations

You have claws for hands.
A demonic guardian rushes to your aid.
You regenerate health from kills.
You are weak. (Str -2)
You are missing a hand.
You cannot train Armour skill.
You are sensitive to extremes of temperature. (rF-, rC-)
Your movements are less encumbered by armour. (ER -4)
Your hexes are more powerful.


Message History

Casting: Olgreb's Toxic Radiance (safe; 1% risk of failure)
Press: ? - help, Q - select action, (/) - cycle Dir - look around, f - activate You begin to radiate toxic energy.
The kobold demonologist looks even sicker.
The kobold demonologist is poisoned.
The very large slime creature barely misses you.
Your rust devil hits the gargoyle.
The gargoyle seems to be corroded for longer.
The gargoyle hits your rust devil with a +0 flail!!
You hear a shout!
The kobold demonologist looks even sicker.
The very large slime creature attacks as it pursues you!
The very large slime creature barely misses you.
Your rust devil hits the gargoyle.
The gargoyle seems to be corroded for longer.
The iron imp picks up a beetle and eats it.
The gargoyle hits your rust devil with a +0 flail!!
Your rust devil dies!
Your rust devil disappears in a puff of smoke!
The kobold demonologist begins to cast a spell, but is stunned by your conviction!
You hit the very large slime creature.
The very large slime creature is severely wounded.
The very large slime creature hits you!!!
* * * LOW HITPOINT WARNING * * *
Okay, then.
You feel much better.
The kobold demonologist looks even sicker.
Your toxic aura wanes.
The kobold demonologist mumbles some strange words.
A kobold brigand comes into view.
It is wielding a +0 short sword and quivering curare-tipped darts.
The very large slime creature hits you!!
* * * LOW HITPOINT WARNING * * *
You feel much better.
You feel less exhausted.
The kobold demonologist begins to cast a spell, but is stunned by your conviction!
You redirect the kobold demonologist's attack!
A two-headed ogre comes into view.
It is wielding a +0 giant club and a +0 giant spiked club.
You redirect the gargoyle's attack!
The very large slime creature hits you!!!
You die...

#...### #..##
#..## #...#
##..## ##[.##
### ###.###
####.##
##..###..5.5##
##.@J9K5KK5.#
########O...#
#.?....#
#.)......
#........
.K.......
!..K.....
.....:.##


You could see a very large slime creature (corroded), a two-headed ogre, 2
kobold demonologists, a gargoyle (corroded), a kobold brigand, an iron imp
(summoned), 2 crimson imps and an ufetubus (summoned).

Vanquished Creatures
  An orc warlord (Orc:2)
  Harold (Orc:1)
  Erolcha (Orc:1)
  3 hydras
  A two-headed ogre (Orc:1)
  4 catoblepae (Lair:5)
  23 death yaks
  3 boulder beetles
  Urug (Orc:1)
  Nergalle (Lair:2)
  A skyshark (Lair:5)
  2 orc knights (Orc:2)
  A lindwurm (Lair:5)
  An ugly thing (D:12)
  A manticore (Lair:5)
  A salamander (Lair:2)
  4 kobold blastminers
  6 black mambas
  A torpor snail (Lair:5)
  5 elephants (Lair:2)
  A rime drake (Lair:3)
  A kobold demonologist (D:12)
  6 cane toads
  2 unseen horrors
  3 komodo dragons
  5 trolls
  3 polar bears
  7 blink frogs
  2 hornets
  11 dream sheep
  2 shadows
  4 wyverns
  80 yaks
  2 wargs
  4 steam dragons
  6 vampire mosquitoes
  5 basilisks
  An acid dragon (D:11)
  6 water moccasins
  34 orc warriors
  4 sky beasts
  5 ogres
  An ice beast (D:5)
  4 wolves (Lair:2)
  10 centaurs
  A phantom (D:7)
  An elf zombie (Ossuary)
  14 bullfrogs
  2 kobold brigands
  Blork the orc (D:5)
  2 scorpions
  21 wights
  7 killer bees
  2 lava snakes (Lair:2)
  3 howler monkeys (D:11)
  3 centaur zombies (Ossuary)
  18 orc priests
  4 hounds
  8 jellies
  2 human zombies (Ossuary)
  3 gnoll boudas
  A sleepcap (D:4)
  Ijyb (D:5)
  11 orc wizards
  A hell rat (Lair:5)
  4 ogre zombies (D:10)
  16 gnolls
  7 adders
  8 river rats (Lair:5)
  A shadow imp (D:8)
  2 spectral adders (Ossuary)
  A spectral gnoll (Ossuary)
  2 dart slugs
  3 ribbon worms
  An adder simulacrum (Ossuary)
  66 orcs
  8 endoplasms
  7 giant cockroaches
  14 goblins
  7 hobgoblins
  6 jackals (D:1)
  17 kobolds
  10 quokkas
  9 ball pythons
  5 bats
  5 frilled lizards
  A gnoll simulacrum (Ossuary)
  3 gnoll skeletons (D:10)
  12 gnoll zombies
  4 kobold zombies (Ossuary)
  2 orc skeletons (D:10)
  16 orc zombies
  2 quokka zombies (D:4)
  10 rats
626 creatures vanquished.

Vanquished Creatures (collateral kills)
  Gastronok (Orc:1)
  A centaur warrior (Orc:2)
  An orc knight (Bailey)
  A manticore (Lair:5)
  A kobold blastminer (Orc:2)
  A torpor snail (Lair:2)
  2 yaks
  2 wyverns
  5 orc warriors (Orc:2)
  An ogre (D:4)
  3 centaurs (Orc:2)
  An elf zombie (Ossuary)
  3 wights
  A troll zombie (D:10)
  4 howler monkeys
  A gnoll bouda (D:5)
  A sleepcap (D:5)
  A hell rat (Lair:4)
  2 crocodile zombies (Ossuary)
  2 ogre zombies (D:10)
  4 spectral hounds (Ossuary)
  A scorpion simulacrum (Ossuary)
  3 mummies (Ossuary)
  A gnoll (D:5)
  5 hound simulacra (Ossuary)
  An adder simulacrum (Ossuary)
  An orc (D:4)
  A gnoll simulacrum (Ossuary)
  A gnoll skeleton (D:10)
  A gnoll zombie (D:10)
  A jackal simulacrum (Ossuary)
  An orc skeleton (D:10)
  An orc zombie (Ossuary)
  4 spectral jackals (Ossuary)
61 creatures vanquished.

Vanquished Creatures (others)
  A hydra (Lair:5)
  An elephant (Lair:2)
  An orc warrior (Orc:2)
  A wight (D:9)
  A lava snake (Lair:2)
  An orc priest (D:6)
  An ogre zombie (D:10)
  A river rat (Lair:5)
  An orc (D:6)
  15 fulminant prisms
24 creatures vanquished.

Grand Total: 711 creatures vanquished

Notes
Turn   | Place    | Note
-------+----------+-------------------------------------------
     0 | D:1      | PublicAnimeNo1 the Demonspawn Alchemist began the quest for
                  | the Orb.
     0 | D:1      | Reached XP level 1. HP: 13/13 MP: 3/3
   270 | D:1      | Gained mutation: Your movements are slightly less
                  | encumbered by armour. (ER -2) [demonic ancestry]
   270 | D:1      | Reached XP level 2. HP: 19/19 MP: 1/5
   477 | D:1      | Noticed an eye of devastation
   550 | D:1      | Noticed an eye of devastation
   552 | D:1      | Found a faded altar of an unknown god.
   554 | D:1      | Noticed a golden eye
   612 | D:1      | Noticed a shining eye
   617 | D:1      | Prayed at the altar of an unknown god.
   617 | D:1      | Became a worshipper of Ru the Awakened
   633 | D:1      | Gained mutation: You cannot train Armour skill. [Ru
                  | sacrifice]
   633 | D:1      | Reached * piety under Ru
   841 | D:1      | Gained mutation: You regenerate a little health from kills.
                  | [demonic ancestry]
   841 | D:1      | Reached XP level 3. HP: 24/24 MP: 3/6
  1270 | D:2      | Found a basalt altar of Yredelemnul.
  1451 | D:2      | Reached XP level 4. HP: 30/30 MP: 1/7
  1531 | D:2      | Reached skill level 5 in Alchemy
  1949 | D:3      | Identified the +0 chain mail "Dyraadug" {Harm rPois}
  2041 | D:3      | Learned a level 2 spell: Mercury Vapours
  2112 | D:3      | Found a glowing drain.
  2116 | Sewer    | Entered a sewer
  2469 | Sewer    | Gained mutation: You have sharp fingernails. [demonic
                  | ancestry]
  2469 | Sewer    | Reached XP level 5. HP: 22/35 MP: 5/8
  2575 | Sewer    | Found a viscous altar of Jiyva.
  2731 | D:3      | Found a snail-covered altar of Cheibriados.
  2833 | D:3      | Noticed a centaur
  2843 | D:3      | HP: 1/35 [centaur (4)]
  2844 | D:3      | Killed a centaur
  2845 | D:3      | Gained mutation: A weak demonic guardian rushes to your
                  | aid. [demonic ancestry]
  2845 | D:3      | Reached XP level 6. HP: 2/41 MP: 3/9
  3327 | D:4      | Gained mutation: You are missing a hand. [Ru sacrifice]
  3327 | D:4      | Reached ** piety under Ru
  3327 | D:4      | Reached *** piety under Ru
  3428 | D:4      | Found a sand-covered staircase.
  3453 | Ossuary  | Entered an ossuary
  3692 | Ossuary  | Reached skill level 1 in Short Blades
  3735 | Ossuary  | Gained mutation: A demonic guardian rushes to your aid.
                  | [demonic ancestry]
  3735 | Ossuary  | Reached XP level 7. HP: 32/46 MP: 10/10
  3740 | Ossuary  | Learned a level 4 spell: Olgreb's Toxic Radiance
  4133 | D:4      | Found a basalt altar of Yredelemnul.
  4406 | D:4      | Found a shimmering altar of Xom.
  4433 | D:4      | Reached XP level 8. HP: 32/49 MP: 6/11
  4528 | D:4      | Identified the +2 mace of Elunk {venom, rC++}
  4697 | D:5      | Entered Level 5 of the Dungeon
  4709 | D:5      | Found Tunin's Distillery.
  4723 | D:5      | Bought a potion of curing for 39 gold pieces
  4800 | D:5      | Identified the ring "Tosmonte" {rF+ rC+}
  4807 | D:5      | Noticed Ijyb
  4824 | D:5      | Killed Ijyb
  4841 | D:5      | Learned a level 3 spell: Mephitic Cloud
  5171 | D:5      | Reached skill level 1 in Fighting
  5171 | D:5      | Reached skill level 5 in Stealth
  5327 | D:5      | Noticed Blork the orc
  5335 | D:5      | Killed Blork the orc
  5336 | D:5      | Reached skill level 1 in Air Magic
  5871 | D:6      | Gained mutation: You are sensitive to extremes of
                  | temperature. (rF-, rC-) [Ru sacrifice]
  5871 | D:6      | Reached **** piety under Ru
  5871 | D:6      | Reached ***** piety under Ru
  6043 | D:6      | Found a staircase to the Ecumenical Temple.
  6154 | D:6      | Reached XP level 9. HP: 58/61 MP: 10/12
  6577 | D:7      | Reached skill level 5 in Short Blades
  6651 | D:7      | Found a flagged portal.
  6668 | Bailey   | Entered a bailey
  6720 | Bailey   | Noticed an orc knight
  6964 | Bailey   | Killed an orc knight
  6965 | Bailey   | Gained mutation: You have very sharp fingernails. [demonic
                  | ancestry]
  6965 | Bailey   | Reached XP level 10. HP: 58/71 MP: 3/14
  7081 | Bailey   | Found the +2 hat of the Bear Spirit {Spirit, Bear, *Rage
                  | Will++}
  7148 | D:7      | Found a blossoming altar of Fedhas.
  7629 | D:8      | Found Xiegha's Magic Scroll Boutique.
  7992 | D:8      | Identified the +0 pair of gloves of the Bulwark {rPois rC+}
  8080 | D:8      | Gained mutation: You are weak. (Str -2) [Ru sacrifice]
  8080 | D:8      | Reached ****** piety under Ru
  8116 | D:8      | Found a viscous altar of Jiyva.
  8748 | D:9      | Found Pibij's Antique Weapon Shop.
  8748 | D:9      | Found Tiriont's Assorted Antiques.
  8752 | D:9      | Reached skill level 5 in Fighting
  8840 | D:9      | Bought a scroll labelled FUINGIUPHO for 23 gold pieces
  8846 | D:9      | Learned a level 4 spell: Fulminant Prism
  8921 | D:9      | Found Wourowk's Antique Armour Shop.
  8970 | D:9      | Reached skill level 5 in Dodging
  9218 | D:9      | Found an opulent altar of Gozag.
  9293 | D:9      | Found Zuvumuo's Magic Scroll Emporium.
  9383 | D:9      | Found an ornate altar of the Wu Jian Council.
  9462 | D:9      | Found an iron altar of Okawaru.
  9465 | D:9      | Found a burning altar of Makhleb.
  9467 | D:9      | Found a bloodstained altar of Trog.
  9467 | D:9      | Found a broken altar of Ashenzari.
  9581 | D:10     | Entered Level 10 of the Dungeon
  9664 | D:10     | Learned a level 3 spell: Confusing Touch
  9703 | D:10     | Gained mutation: You regenerate health from kills. [demonic
                  | ancestry]
  9703 | D:10     | Reached XP level 11. HP: 63/77 MP: 12/17
 10110 | D:10     | Found a staircase to the Orcish Mines.
 10116 | D:10     | Reached skill level 1 in Hexes
 10657 | D:5      | Bought a potion of experience for 650 gold pieces
 10657 | D:5      | Gained mutation: You have claws for hands. [demonic
                  | ancestry]
 10657 | D:5      | Reached XP level 12. HP: 87/87 MP: 18/18
 10777 | D:11     | Noticed a boulder beetle
 10819 | Orc:1    | Entered Level 1 of the Orcish Mines
 10819 | Orc:1    | Noticed Harold
 10821 | Orc:1    | Noticed Erolcha
 10831 | Orc:1    | Killed Harold
 10831 | Orc:1    | Killed Erolcha
 10963 | Orc:1    | Found Leyfairy's Assorted Antiques.
 11031 | Orc:1    | Found Kufut's Assorted Antiques.
 11099 | Orc:2    | Entered Level 2 of the Orcish Mines
 11099 | Orc:2    | Found a staircase to the Elven Halls.
 11099 | Orc:2    | Found Rusmurgh's General Store.
 11205 | Orc:2    | Noticed an orc warlord
 11211 | Orc:2    | Reached skill level 5 in Spellcasting
 11286 | Orc:2    | Killed an orc warlord
 11287 | Orc:2    | Reached skill level 5 in Hexes
 11585 | Orc:2    | Noticed a centaur warrior
 11591 | Orc:2    | HP: 3/89 [centaur warrior/arrow (6)]
 11600 | Orc:2    | Killed a centaur warrior
 12020 | Orc:2    | Found Feotiy's Magic Scroll Shoppe.
 12020 | Orc:2    | Found Coss's Book Boutique.
 12022 | Orc:2    | Found Guhera Gutt's Armour Shop.
 12024 | Orc:2    | Found Nylypoeq's Book Emporium.
 12244 | Orc:1    | Noticed Urug
 12244 | Orc:1    | Noticed a two-headed ogre
 12245 | Orc:1    | Killed Urug
 12246 | Orc:1    | Reached XP level 13. HP: 82/95 MP: 12/21
 12257 | Orc:1    | Noticed Gastronok
 12415 | Orc:1    | Killed Gastronok
 12686 | D:11     | Reached skill level 10 in Alchemy
 12692 | D:11     | Learned a level 5 spell: Yara's Violent Unravelling
 12789 | D:11     | Reached skill level 10 in Stealth
 12929 | D:11     | Found Mismev's Armour Shop.
 13303 | D:11     | Found a staircase to the Lair.
 13701 | Lair:1   | Entered Level 1 of the Lair of Beasts
 13738 | Lair:1   | Reached skill level 10 in Short Blades
 14458 | Lair:2   | Noticed Nergalle
 14467 | Lair:2   | Killed Nergalle
 14492 | Lair:2   | Found a staircase to the Snake Pit.
 15100 | Lair:2   | Found a staircase to the Swamp.
 15753 | Lair:3   | Learned a level 4 spell: Sticky Flame
 15906 | Lair:3   | Gained mutation: Your movements are less encumbered by
                  | armour. (ER -4) [demonic ancestry]
 15906 | Lair:3   | Reached XP level 14. HP: 106/106 MP: 16/24
 16091 | Lair:3   | Reached skill level 1 in Fire Magic
 18002 | Lair:5   | Entered Level 5 of the Lair of Beasts
 18269 | Lair:5   | Found a basalt altar of Yredelemnul.
 19215 | Lair:5   | Found a viscous altar of Jiyva.
 19215 | Lair:5   | Found a staircase to the Slime Pits.
 19730 | Lair:5   | Gained mutation: Your hexes are more powerful. [demonic
                  | ancestry]
 19730 | Lair:5   | Reached XP level 15. HP: 115/115 MP: 14/25
 19954 | Lair:5   | Reached skill level 10 in Fighting
 20480 | D:9      | Bought a scroll of acquirement for 728 gold pieces
 20508 | D:9      | Bought a distressingly furry leather armour for 210 gold
                  | pieces
 20508 | D:9      | Identified the +1 leather armour of Rationality {rF- Str+5
                  | Dex+4} (You bought it in a shop on level 9 of the Dungeon)
 20509 | D:9      | Acquired 801 gold pieces
 20695 | D:12     | Mangled by a very large slime creature

Illustrated notes

Levels and vault maps discovered:
D:1:      grunt_arrival_crossed_arrows, layout_loops_cross,
          hellmonk_ecumenical_altar_watching_god
D:2:      layout_rooms, basic_altar
D:3:      layout_basic, kennysheep_slug_shrine, gup_sewer_entry_spiral
D:4:      layout_gridville, lemuel_round_altar, lemuel_tele_altar,
          enter_ossuary_4
D:5:      layout_cave_pools, serial_shops, shop, uniq_blork_the_orc, uniq_ijyb
D:6:      layout_basic, minmay_temple_entry_slanted
D:7:      layout_rooms, fedhas_altar_2, enter_bailey_5
D:8:      layout_basic, serial_shops, nicolae_shop_stone, jiyva_altar_1
D:9:      layout_rooms, lemuel_coloured_pillars_altar, lemuel_round_altar,
          grunt_temple_overflow_open, serial_shops, shop, shop, shop, shop,
          kennysheep_potato
D:10:     layout_cave_pools, zombieorc2_lemuel
D:11:     layout_roguey, erik_lair_dragon, serial_shops,
          nicolae_shop_gibbet_a_chance
D:12:     layout_layer_cave, special_room [special_room_orc], uniq_kirke
Lair:1:   layout_small_grid
Lair:2:   layout_roguey, minmay_swamp_entry_swarm,
          nicolae_snake_entry_warm_welcome, uniq_nergalle
Lair:3:   layout_regular_city
Lair:4:   layout_roguey, minivault_11
Lair:5:   evilmike_catoblepas_cave, layout_gridlike, dpeg_slime_entry_enclosed,
          basic_altar, kennysheep_abandoned_house
Orc:1:    layout_diamond_mine, serial_shops, shop, shop, uniq_harold,
          uniq_gastronok, uniq_urug, uniq_erolcha
Orc:2:    st_orc_rangers, layout_caves, serial_shops, shop

Skill      XL: |  1  2  3  4  5  6  7  8  9 10 11 12 13 14 15 |
---------------+----------------------------------------------+-----
Alchemy        | 4 5 7 8 9 10 11 | 11.9
Stealth        | 2 4 5 6 7 9 10 11 | 11.9
Short Blades   | 1 3 4 5 6 9 10 | 10.0
Fighting       | 2 4 5 7 8 9 10 | 10.0
Air Magic      | 1 3 |  3.0
Conjurations   | 2 4 |  4.0
Dodging        | 2 3 5 6 7 9 |  9.2
Spellcasting   | 4 5 7 |  7.0
Hexes          | 4 5 7 8 9 |  9.2
Fire Magic     | 4 |  4.0

Action                     |  1- 3 |  4- 6 |  7- 9 | 10-12 | 13-15 || total
---------------------------+-------+-------+-------+-------+-------++-------
  Melee: Short sword       |    45 |   281 |   356 |   212 |       ||   894
         Mace              |     2 |       |    48 |       |       ||    50
         Punch             |     2 |       |       |       |       ||     2
         Dagger            |       |       |       |   193 |   793 ||   986
   Cast: Sting             |    58 |    85 |    47 |    13 |       ||   203
         Mercury Vapours   |       |     2 |     3 |     1 |       ||     6
         Olgreb's Toxic Ra |       |       |    17 |    49 |    75 ||   141
         Mephitic Cloud    |       |       |     2 |     5 |     7 ||    14
         Fulminant Prism   |       |       |       |     7 |     8 ||    15
         Confusing Touch   |       |       |       |       |    28 ||    28
         Sticky Flame      |       |       |       |       |    22 ||    22
 Invoke: Sacrifice Durabil |     1 |       |       |       |       ||     1
         Sacrifice a Hand  |       |     1 |       |       |       ||     1
         Draw Out Power    |       |       |     1 |     3 |     2 ||     6
         Sacrifice Resista |       |       |     1 |       |       ||     1
         Power Leap        |       |       |     2 |     5 |     3 ||    10
         Apocalypse        |       |       |       |     5 |     3 ||     8
         Sacrifice Purity  |       |       |       |     1 |       ||     1
  Evoke: Wand              |       |       |     2 |     1 |     3 ||     6
    Use: Potion            |     1 |     1 |     1 |     3 |     5 ||    11
         Scroll            |       |     4 |    10 |     7 |     8 ||    29
   Stab: Sleeping          |     1 |     2 |     3 |     2 |    11 ||    19
         Distracted        |       |       |     4 |     4 |     9 ||    17
         Invisible         |       |       |     2 |       |     4 ||     6
         Paralysed         |       |       |     4 |     9 |    12 ||    25
         Confused          |       |       |     4 |     3 |    24 ||    31
         Petrified         |       |       |       |       |     1 ||     1
 Armour: Robe              |     3 |   123 |   189 |   125 |   203 ||   643
         Leather armour    |    38 |    48 |       |    77 |   128 ||   291
         Skin              |       |       |     7 |       |       ||     7
  Dodge: Dodged            |    50 |   195 |   182 |   235 |   286 ||   948

Table legend: (Time is in decaauts)
 A = Elapsed time spent in this place.
 B = Non-inter-level travel time spent in this place.
 C = Inter-level travel time spent in this place.
 D = Time resting spent in this place.
 E = Time spent auto-exploring this place.
 F = Levels seen in this place.
 G = Mean time per level.
                   A        B        C        D        E       F      G
               +--------+--------+--------+--------+--------+-----+--------+
         Total |  20197 |  18910 |   1287 |   2665 |  11625 |  22 |  918.0 |
       Dungeon |  10647 |   9759 |    888 |    831 |   6788 |  12 |  887.2 |
          Lair |   6370 |   6050 |    320 |    997 |   3813 |   5 | 1274.0 |
  Orcish Mines |   1583 |   1505 |     78 |    541 |    584 |   2 |  791.5 |
         Sewer |    589 |    589 |      0 |    132 |    274 |   1 |  589.0 |
       Ossuary |    591 |    591 |      0 |     14 |     48 |   1 |  591.0 |
        Bailey |    415 |    415 |      0 |    149 |    118 |   1 |  415.0 |
               +--------+--------+--------+--------+--------+-----+--------+

Top non-repeatable levels by time:
  Lair:5: 1900 daAuts
     D:8: 1391 daAuts
  Lair:3: 1306 daAuts
    D:11: 1248 daAuts
  Lair:2: 1241 daAuts
  Lair:4: 1195 daAuts
     D:1: 1179 daAuts
    D:10: 1136 daAuts
     D:5: 986 daAuts
     D:6: 885 daAuts
     D:3: 884 daAuts
     D:9: 868 daAuts
   Orc:2: 837 daAuts
     D:4: 818 daAuts
   Orc:1: 745 daAuts
